 Dungeon Crawl Stone Soup version 0.31-a0-152-g6aa68a64a1 (webtiles) character file.

Game seed: 8114922186401815442

116 qw the Shooter (level 5, -1/46 (49) HPs)
             Began as a Naga Hunter on June 10, 2023.
             Slain by Ijyb
             ... wielding a +0 dagger
              (3 damage)
             ... on level 3 of the Dungeon.
             The game lasted 00:00:46 (1911 turns).

qw the Shooter (Naga Hunter)                        Turns: 1911, Time: 00:00:46

HP:   -1/46 (49)    AC:  4    Str: 13    XL:     5   Next: 1%
MP:   5/5           EV:  9    Int:  9    God:
Gold: 130           SH:  0    Dex: 17    Spells: 4/4 levels left

rFire   . . .        Y - +1 shortbow
rCold   . . .        (shield currently unavailable)
rNeg    . . .        c - +0 leather armour
rPois   +            (no helmet)
rElec   .            e - +0 cloak
rCorr   .            (no gloves)
SInv    +            (no barding)
Will    .....        (no amulet)
Stlth   ++           (no ring)
HPRegen 0.27/turn    (no ring)
MPRegen 0.09/turn

%: no passive effects
@: short of breath, drained, very slow
A: AC +1, large, see invisible, deformed body, poison resistance, slowness 2,
spit poison 1, naga tail 1
a: Spit Poison


You were on level 3 of the Dungeon.
You visited 1 branch of the dungeon, and saw 3 of its levels.

You collected 130 gold pieces.


Innate Abilities, Weirdness & Mutations

Your serpentine skin is tough. (AC +1)
You have supernaturally acute eyesight. (SInv)
Armour fits poorly on your strangely shaped body.
Your system is resistant to poisons. (rPois)
You cover ground very slowly.
You can spit poison.
You have a snake-like lower body.


   Skills:
 - Level 3.1 Fighting
 + Level 5.1 Ranged Weapons
 - Level 1.5 Dodging
 - Level 1.5 Stealth


You had 4 spell levels left.
You didn't know any spells.
Your spell library was empty.

Inventory:

Hand Weapons
 Y - a +1 shortbow (weapon)
Armour
 c - a +0 leather armour (worn)
 e - a +0 cloak (worn)
Scrolls
 a - 4 scrolls of identify
Potions
 d - a potion of curing
 f - a potion of ambrosia {unknown}
 g - a potion of mutation {unknown}
 h - a potion of brilliance {unknown}
 i - a potion of heal wounds {unknown}

Dungeon Overview and Level Annotations

Branches:
Dungeon (3/15)

Altars:

Annotations:
D:3 Ijyb


Message History

Your surroundings suddenly seem different.
Ijyb and a ball python come into view.
Ijyb is wielding a +0 dagger and carrying a wand of digging (6).
Found a trident and 11 gold pieces.
Found a stone staircase leading down.
A bat comes into view.
Enter note:
Enter note:
Enter note:
Enter note:
Enter note:
Enter note: You shoot an arrow.
The arrow hits Ijyb.
Ijyb shouts!
Ijyb is lightly wounded.
A goblin comes into view. It is wielding a +2 dagger of venom.
An endoplasm comes into view.
You shoot an arrow. The ball python hisses angrily.
The arrow hits the bat!
You kill the bat!
You shoot an arrow. The arrow hits Ijyb!
Ijyb is heavily wounded.
Ijyb screams, "Me stronger than you!" Ijyb hits you with a +0 dagger.
You shoot an arrow. The arrow hits Ijyb.
Ijyb is severely wounded.
You have got your breath back.
Ijyb hits you with a +0 dagger.
1909 ||| INVOKING Spit Poison.
Aiming: Spit Poison (1% risk of failure)
Press: ? - help, Shift-Dir - straight line, f/p - Ijyb The splash of poison misses Ijyb.
Ijyb hits you with a +0 dagger.
You shoot an arrow. The arrow hits Ijyb.
Ijyb is almost dead.
Ijyb hits you with a +0 dagger.
You shoot an arrow. The arrow hits Ijyb but does no damage.
Ijyb is almost dead.
Ijyb hits you with a +0 dagger.
You die...

# # ...### #
...... #
......#### #
.........######
#
...............
#
....$....¤¤¤###
# #....~¤~¤..#
# #@.¤¤.# #
...)~gg..#...¤~
..#.J.#.... #¤¤
........~.~..
...~. .......~.
.......#...#...
.... .. .¤....#
.>..... ...#¤¤¤


You could see Ijyb, an endoplasm and a goblin.

Vanquished Creatures
  Robin (D:3)
  An adder (D:2)
  2 gnolls (D:1)
  A worm (D:2)
  6 orcs
  7 bats
  5 endoplasms
  A giant cockroach (D:1)
  15 goblins
  6 hobgoblins
  7 kobolds
  A quokka (D:3)
  5 ball pythons
  3 frilled lizards
  2 rats
63 creatures vanquished.

Notes
Turn   | Place    | Note
-------+----------+-------------------------------------------
     0 | D:1      | qw the Naga Hunter began the quest for the Orb.
     0 | D:1      | Reached XP level 1. HP: 19/19 MP: 1/1
     0 | D:1      | 0 ||| qw: Version: 0.2-a-29-g67ad517
     0 | D:1      | 0 ||| qw: Game counter: 3938
     0 | D:1      | 0 ||| qw: Always use a shield: true
     0 | D:1      | 0 ||| qw: God list: Okawaru
     0 | D:1      | 0 ||| qw: Allow faded altars: false
     0 | D:1      | 0 ||| qw: Do Orc after D:15 true
     0 | D:1      | 0 ||| qw: Do second Lair branch before Depths: true
     0 | D:1      | 0 ||| qw: Lair rune preference: random
     0 | D:1      | 0 ||| qw: Plans: Normal
     0 | D:1      | 0 ||| PLANNING D:1-11
    82 | D:1      | 82 ||| INVOKING Spit Poison.
    86 | D:1      | Reached skill level 4 in Ranged Weapons
    86 | D:1      | Reached XP level 2. HP: 26/26 MP: 2/2
    86 | D:1      | 86 ||| INVOKING Spit Poison.
   134 | D:1      | 134 ||| INVOKING Spit Poison.
   151 | D:1      | 151 ||| INVOKING Spit Poison.
   172 | D:1      | 172 ||| INVOKING Spit Poison.
   176 | D:1      | 176 ||| INVOKING Spit Poison.
   177 | D:1      | Reached XP level 3. HP: 32/32 MP: 3/3
   195 | D:1      | 195 ||| INVOKING Spit Poison.
   226 | D:1      | 226 ||| INVOKING Spit Poison.
   237 | D:1      | 237 ||| INVOKING Spit Poison.
   441 | D:1      | Found a faded altar of an unknown god.
   535 | D:1      | 535 ||| INVOKING Spit Poison.
   540 | D:1      | 540 ||| INVOKING Spit Poison.
   714 | D:1      | 714 ||| INVOKING Spit Poison.
   718 | D:1      | 718 ||| INVOKING Spit Poison.
   723 | D:1      | 723 ||| INVOKING Spit Poison.
   797 | D:1      | 797 ||| UPGRADING to +0 cloak.
   802 | D:1      | 802 ||| READING scroll labelled QAIGUX ORGHU.
   807 | D:1      | 807 ||| READING scroll labelled BORPHODD EPPEMM.
   808 | D:1      | 808 ||| READING scroll labelled SAGUWK SUCKYLIMEN.
   809 | D:1      | 809 ||| DROPPING scroll of butterflies.
   835 | D:2      | 835 ||| INVOKING Spit Poison.
   866 | D:2      | 866 ||| INVOKING Spit Poison.
   906 | D:2      | 906 ||| INVOKING Spit Poison.
   975 | D:2      | 975 ||| INVOKING Spit Poison.
   981 | D:2      | 981 ||| INVOKING Spit Poison.
   983 | D:2      | Reached skill level 5 in Ranged Weapons
   983 | D:2      | Reached XP level 4. HP: 23/39 MP: 4/4
   985 | D:2      | 985 ||| INVOKING Spit Poison.
  1166 | D:2      | 1166 ||| INVOKING Spit Poison.
  1181 | D:2      | 1181 ||| INVOKING Spit Poison.
  1187 | D:2      | 1187 ||| INVOKING Spit Poison.
  1189 | D:2      | 1189 ||| DRINKING 2 red potions.
  1192 | D:2      | 1192 ||| INVOKING Spit Poison.
  1446 | D:3      | 1446 ||| INVOKING Spit Poison.
  1481 | D:3      | 1481 ||| INVOKING Spit Poison.
  1487 | D:3      | 1487 ||| INVOKING Spit Poison.
  1493 | D:3      | 1493 ||| INVOKING Spit Poison.
  1612 | D:3      | 1612 ||| INVOKING Spit Poison.
  1618 | D:3      | 1618 ||| INVOKING Spit Poison.
  1658 | D:3      | 1658 ||| INVOKING Spit Poison.
  1665 | D:3      | 1665 ||| INVOKING Spit Poison.
  1668 | D:3      | 1668 ||| INVOKING Spit Poison.
  1674 | D:3      | 1674 ||| INVOKING Spit Poison.
  1723 | D:3      | 1723 ||| INVOKING Spit Poison.
  1814 | D:3      | 1814 ||| INVOKING Spit Poison.
  1878 | D:3      | 1878 ||| INVOKING Spit Poison.
  1878 | D:3      | Noticed Robin
  1879 | D:3      | 1879 ||| Stepping ~*~*~tactically~*~*~ (outnumbered).
  1883 | D:3      | 1883 ||| INVOKING Spit Poison.
  1889 | D:3      | 1889 ||| INVOKING Spit Poison.
  1892 | D:3      | 1892 ||| INVOKING Spit Poison.
  1898 | D:3      | 1898 ||| INVOKING Spit Poison.
  1898 | D:3      | Killed Robin
  1899 | D:3      | Reached skill level 3 in Fighting
  1901 | D:3      | HP: 7/39 [goblin/+0 club[Robin] (4)]
  1902 | D:3      | 1902 ||| READING scroll of teleportation.
  1903 | D:3      | 1903 ||| INVOKING Spit Poison.
  1904 | D:3      | Reached XP level 5. HP: 6/46 MP: 5/5
  1904 | D:3      | Noticed Ijyb
  1907 | D:3      | HP: 6/46 [Ijyb/+0 dagger (1)]
  1909 | D:3      | 1909 ||| INVOKING Spit Poison.
  1909 | D:3      | HP: 2/46 [Ijyb/+0 dagger (2)]
  1911 | D:3      | Slain by Ijyb

Levels and vault maps discovered:
D:1:      dpeg_arrival_concentric_ovals, layout_basic,
          dreamdust_ecumenical_altar_hidden_monk_grotto
D:2:      layout_basic, minmay_misc_feat_columns, wad_orctagon
D:3:      minmay_diamond_boxcup, layout_basic, minitemple, serial_bayou_pond_a,
          nicolae_kite_square_tiling_tiny, chequers_serial_rivers_micro_c,
          uniq_ijyb, uniq_robin

Skill      XL: |  1  2  3  4 |
---------------+-------------+-----
Ranged Weapons | 4 5 |  5.1
Fighting       | 3 |  3.1
Dodging        | |  1.5
Stealth        | |  1.5

Action                     |  1- 3 |  4- 6 || total
---------------------------+-------+-------++-------
   Fire: Shortbow          |    62 |    70 ||   132
Ability: Spit Poison       |    19 |    24 ||    43
    Use: Scroll            |     3 |     1 ||     4
         Potion            |       |     1 ||     1
 Armour: Leather armour    |     5 |    10 ||    15
  Dodge: Dodged            |    16 |    27 ||    43

Table legend:
 A = Non-vault XP
 B = Vault XP
 C = Vault XP percentage of total XP
 D = Non-vault monster count
 E = Vault monster count
 F = Vault count percentage of total count
                 A         B        C        D         E       F
            +---------+---------+-------+---------+---------+-------
      Total |     111 |      56 |  33.5 |      40 |      23 |  36.5
            +---------+---------+-------+---------+---------+-------
        D:1 |      70 |       0 |   0.0 |      26 |       0 |   0.0
        D:2 |      31 |      12 |  27.9 |       9 |       4 |  30.8
        D:3 |      10 |      44 |  81.5 |       5 |      19 |  79.2
            +---------+---------+-------+---------+---------+-------
